 Dungeon Crawl Stone Soup version 0.29.1-1-gd02db6906a (webtiles) character file.

Game seed: 4222755529525279624

33 RatsInWalls the Caller (level 3, -1/19 HPs)
             Began as a Tengu Summoner on Oct 23, 2022.
             Slain by an adder (2 damage)
             ... on level 2 of the Dungeon.
             The game lasted 00:03:47 (1438 turns).

RatsInWalls the Caller (Tengu Summoner)             Turns: 1438, Time: 00:03:48

Health: -1/19      AC:  2    Str:  8    XL:     3   Next: 29%
Magic:  3/7        EV: 12    Int: 17    God:
Gold:   88         SH:  0    Dex: 12    Spells: 5/6 levels left

rFire   . . .      SeeInvis .   (no weapon)
rCold   . . .      Faith    .   (no shield)
rNeg    . . .      Spirit   .   a - +0 robe
rPois   .          Reflect  .   (helmet restricted)
rElec   .          Harm     .   (no cloak)
rCorr   .          Rampage  .   (no gloves)
Will    .....      Clarity  +   (boots unavailable)
Stlth   ++........              (no amulet)
HPRegen 0.06/turn               (no ring)
MPRegen 0.10/turn               (no ring)

@: no status effects
A: beak, talons 3, clarity, clumsy 1, mutation resistance 1, sense surroundings
1
a: no special abilities


You were on level 2 of the Dungeon.
You visited 1 branch of the dungeon, and saw 2 of its levels.

You collected 88 gold pieces.

Inventory:

Missiles
 d - 3 boomerangs
Armour
 a - a +0 robe (worn)
Scrolls
 c - a scroll of immolation {unknown}
 h - 2 scrolls of identify {unknown}
Potions
 b - a potion of magic
 e - a potion of heal wounds {unknown}
 f - a potion of curing {unknown}
 j - a potion of might {unknown}


   Skills:
 + Level 2.7 Dodging
 + Level 2.6 Stealth
 + Level 2.4 Spellcasting
 + Level 5.1 Summonings


You had 5 spell levels left.
You knew the following spells:

 Your Spells              Type           Power      Damage    Failure   Level
a - Summon Small Mammal   Summ           76%        N/A       2%          1

Your spell library contained the following spells:

 Spells                   Type           Power      Damage    Failure   Level
 Call Imp                 Summ           19%        N/A       3%          2
 Call Canine Familiar     Summ           19%        N/A       7%          3
 Summon Guardian Golem    Hex/Summ       10%        N/A       19%         3
 Summon Lightning Spire   Summ/Air       10%        N/A       54%         4


Dungeon Overview and Level Annotations

Branches:
Dungeon (2/15)

Altars:


Innate Abilities, Weirdness & Mutations

You have a beak for a mouth.
You have claws for feet.
You possess an exceptional clarity of mind.
You are clumsy. (Dex -2)
You are somewhat resistant to further mutation.
You passively map a small area around you.


Message History

The adder bites your rat but does no damage.
Your rat completely misses the adder.
Your quokka closely misses the adder.
Your rat misses the adder.
There is a stone staircase leading up here.
The adder bites you.
* * * LOW HITPOINT WARNING * * *
Your quokka closely misses the adder.
The adder barely misses you.
Your rat barely misses the adder.
The adder attacks as you move away! The adder bites you.
* * * LOW HITPOINT WARNING * * *
Your quokka bites the adder.
The adder closely misses your rat.
Your rat closely misses the adder.
Unknown command.
Okay, then.
As you read the scroll labelled VYKLAY GIXAWN, it crumbles to dust.
It is a scroll of amnesia.
Really abort (and waste the scroll)?
Okay, then.
Your quokka closely misses the adder.
The adder completely misses your rat.
Your rat closely misses the adder.
Your quokka closely misses the adder.
An adder is nearby!
Okay, then.
It was a potion of mutation.
You feel extremely strange.
You feel clumsy.
You feel a strange attunement to the structure of the dungeons.
You feel genetically stable.
Your thoughts seem clearer.
The adder bites your rat.
Your rat dies!
Your rat's corpse disappears in a puff of smoke!
Your quokka barely misses the adder.
The adder attacks as you move away! The adder barely misses you.
An endoplasm comes into view.
The adder bites you.
* * * LOW HITPOINT WARNING * * *
There is an escape hatch in the floor here.
Unknown command.
Casting: Summon Small Mammal (safe; 2% risk of failure)
Confirm with . or Enter, or press ? or * to list all spells.
Your quokka bites the adder.
The adder bites you.
You die...

* ,, #..* * *
##.. #
###..#####.. , ,
#..........# *
#.........,
#....... , ,
#....#* #..@.#,
, , #..Sr# ...
#####..r.#....
#....ยงยง.....#*
, #........#J##
* #.<....###.# *
#.....## . **
#####.# *## #.#


You could see an adder (ally target), an endoplasm and 2 friendly quokkas.

Vanquished Creatures
  An endoplasm (D:1)
  2 goblins (D:1)
  A hobgoblin (D:1)
  3 ball pythons (D:1)
  A bat (D:1)
  A rat (D:1)
9 creatures vanquished.

Vanquished Creatures (collateral kills)
  A worm (D:1)
  3 bats (D:1)
  3 endoplasms (D:1)
  A goblin (D:1)
  2 hobgoblins (D:1)
  2 ball pythons (D:1)
  2 frilled lizards (D:1)
  2 kobolds (D:1)
  5 rats
21 creatures vanquished.

Grand Total: 30 creatures vanquished

Notes
Turn   | Place    | Note
-------+----------+-------------------------------------------
     0 | D:1      | RatsInWalls the Tengu Summoner began the quest for the Orb.
     0 | D:1      | Reached XP level 1. HP: 10/10 MP: 4/4
   307 | D:1      | Reached XP level 2. HP: 15/15 MP: 3/6
   308 | D:1      | Reached skill level 5 in Summonings
   798 | D:1      | Reached XP level 3. HP: 19/19 MP: 5/7
  1434 | D:2      | Gained mutation: You are clumsy. (Dex -2) [potion of
                  | mutation]
  1434 | D:2      | Gained mutation: You passively map a small area around you.
                  | [potion of mutation]
  1434 | D:2      | Gained mutation: You are somewhat resistant to further
                  | mutation. [potion of mutation]
  1434 | D:2      | Gained mutation: You possess an exceptional clarity of
                  | mind. [potion of mutation]
  1438 | D:2      | Slain by an adder

Illustrated notes

Levels and vault maps discovered:
D:1:      scummos_arrival_star, layout_loops_corners, kennysheep_doodads,
          supply_closet_lemuel, nicolae_wormholes
D:2:      layout_rooms, minmay_fractal_squares_5, uniq_crazy_yiuf_cottage,
          uniq_terence

Skill      XL: |  1  2 |
---------------+-------+-----
Summonings     | 5 |  5.1
Dodging        | |  2.7
Stealth        | |  2.6
Spellcasting   | |  2.4

Action                   || total
-------------------------++-------
Melee: Unarmed           ||    33
       Kick              ||    11
       Peck              ||     5
 Cast: Summon Small Mamm ||    41
  Use: Scroll            ||     1
       Potion            ||     1
 Stab: Sleeping          ||     1
Armor: Robe              ||     7
Dodge: Dodged            ||    29
